Unix NetHack Version 5.0.0-0 post-release - last build Jun 10 2026 00:39:30 (3ee93aec679c4c4259841fe613dc97188e26a321,branch:main).

Game began 2026-06-13 05:25:04, ended 2026-06-13 05:36:58.

Brudee, chaotic female human Rogue

                 ---------
                 |.....<[|
                 |.......|
 ----- -.--     #........|
 |....)..)'@#####|.......|
 |........|      |.......+
 |....>...       ---------
 |?......
 --------


                                                                       o

Brudee the Cutpurse     St:12 Dx:11 Co:14 In:15 Wi:11 Ch:13  Chaotic S:678
Dlvl:5  $:56 HP:0(34) Pw:17(17) AC:3  Xp:4/103 T:1441 

Latest messages:
 The door opens.
 The kobold hits!
 You kill the kobold!
 Welcome to experience level 4.
 You see here 13 darts.
 z - 13 darts.
 You hear bubbling water.
 You descend the stairs.
 You see here an uncursed +1 leather armor.
 The coyote bites!
 You hear convulsive ravings.
 You kill the coyote!
 You miss the rock mole.
 You miss the rock mole.
 You miss the rock mole.
 A goblin suddenly appears!
 Sting flickers light blue!
 You miss the rock mole.
 You miss the rock mole.
 The rock mole bites!
 You miss the rock mole.
 The rock mole bites!
 You miss the rock mole.
 The rock mole bites!
 You miss the rock mole.
 You hit the rock mole!
 The rock mole bites!
 You miss the rock mole.
 The rock mole bites!
 You hit the rock mole.
 You hit the rock mole.
 You hear a door open.
 The rock mole bites!
 You have no ammunition readied.
 What do you want to fire? [$byz or ?*] b
 Your alternate weapon is 9 daggers.  Ready 8 of them? [ynq] (q) y
 You ready: A - 8 +0 daggers.
 In what direction? h
 The dagger misses the rock mole.
 In what direction? h
 You throw 2 daggers.
 The 1st dagger hits the rock mole.
 You kill the rock mole!
 The straw golem hits!
 The straw golem hits again!
 You hit the straw golem.
 The straw golem hits!
 You die...
 Do you want your possessions identified? [ynq] (y) y
 Do you want to see your attributes? [ynq] (y) q

Inventory:
 Coins    ('$')
  $ - 56 gold pieces
 Weapons  (')')
  z - 13 +0 darts
  b - a +0 dagger (alternate weapon; not wielded)
  A - 5 +0 daggers (at the ready)
  n - the +0 Sting (weapon in right hand, flickering light blue)
  y - a +0 long sword
 Armor    ('[')
  s - a blessed +0 orcish helm (being worn)
  x - an uncursed +0 dwarvish mithril-coat (being worn)
 Comestibles  ('%')
  g - an uncursed apple
  t - 2 uncursed carrots
 Scrolls  ('?')
  k - a cursed scroll of confuse monster
  u - a blessed scroll of destroy armor
  v - an uncursed scroll of remove curse
 Potions  ('!')
  d - 2 uncursed potions of sickness
 Wands    ('/')
  r - a wand of magic missile (0:8)
 Tools    ('(')
  f - an empty uncursed sack
  h - a bag of tricks (0:3)
  e - an uncursed lock pick
  m - an uncursed stethoscope

Brudee the Rogue's attributes:

Background:
 You were a Cutpurse, a level 4 female human Rogue.
 You were chaotic, on a mission for Kos
 who was opposed by Issek (lawful) and Mog (neutral).
 You were right-handed.
 You were in the Dungeons of Doom, on level 5.
 You entered the dungeon 1441 turns ago.
 It was nighttime.
 You had 103 experience points, 57 more were needed to attain level 5.
 Your score was 678 before end-of-game adjustments.

Basics:
 You had 0 out of 34 hit points.
 You had all 17 energy points (spell power).
 Your armor class was 3.
 Your wallet contained 56 zorkmids.
 Autopickup was on for '$!=+?/"' plus thrown.

Final Characteristics:
 Your strength was 12 (limit:18/100).
 Your dexterity was 11 (limit:18).
 Your constitution was 14 (limit:18).
 Your intelligence was 15 (limit:18).
 Your wisdom was 11 (limit:18).
 Your charisma was 13 (limit:18).

Final Status:
 You weren't hungry.
 You were unencumbered.
 You were wielding a dagger.
 You had basic skill with dagger.

Final Attributes:
 You were devoutly aligned.
 You were aware of the presence of orcs.
 You were stealthy.
 You were guarded.
 You are dead.

Miscellaneous:
 You didn't encounter any bones levels.
 Total elapsed playing time was 11 minutes and 53 seconds.

Major events:
 Turn
    1: Brudee the chaotic female human Rogue entered the dungeon
  488: found Fire Brand in a shop
  680: attained the rank of Cutpurse (level 3)
  787: became literate by naming Sting
 1441: killed by a straw golem

You didn't know any spells.

Skills:
 Fighting Skills
   bare handed combat [Unskilled]
   two weapon combat  [Unskilled]
   riding             [Unskilled]
 Weapon Skills
   dagger             [Basic]
   knife              [Unskilled]
   short sword        [Basic]
   broadsword         [Unskilled]
   long sword         [Unskilled]
   two-handed sword   [Unskilled]
   saber              [Unskilled]
   club               [Unskilled]
   mace               [Unskilled]
   morning star       [Unskilled]
   flail              [Unskilled]
   hammer             [Unskilled]
   polearms           [Unskilled]
   spear              [Unskilled]
   crossbow           [Unskilled]
   dart               [Unskilled]
   shuriken           [Unskilled]
 Spellcasting Skills
   divination spells  [Unskilled]
   escape spells      [Unskilled]
   matter spells      [Unskilled]

Voluntary challenges:
 Character rerolling was not enabled.
 You never genocided any monsters.
 You never polymorphed an object.
 You never changed form.
 You used no wishes.
Achievements:
 You entered a shop.
 You attained the rank of Cutpurse.

 The Dungeons of Doom: levels 1 to 5
    Level 1:
       Some fountains.
    Level 2:
       Many fountains.
    Level 3:
       A weapon shop, some altars.
    Level 4:
       An altar, a fountain, some sinks.
    Level 5: <- You were here.
       Final resting place for
          you, killed by a straw golem.


Vanquished creatures:
  a rock mole
 an orc zombie
 an iguana
  2 acid blobs
  a coyote
  a hobbit
  a hobgoblin
  a giant rat
  2 cave spiders
  a gnome
  a gecko
  a jackal
  a fox
  2 kobolds
  a goblin
  3 grid bugs
  a bat
  4 lichens
  a kobold zombie
  2 newts
29 creatures vanquished.

No species were genocided or became extinct.

Game over:
                       ----------
                      /          \
                     /    REST    \
                    /      IN      \
                   /     PEACE      \
                  /                  \
                  |      Brudee      |
                  |      56 Au       |
                  |   killed by a    |
                  |   straw golem    |
                  |                  |
                  |                  |
                  |       2026       |
                 *|     *  *  *      | *
        _________)/\\_//(\/(/\)/\//\/|_)_______

Goodbye Brudee the Rogue...

You died in The Dungeons of Doom on dungeon level 5 with 673 points,
and 56 pieces of gold, after 1441 moves.
You were level 4 with a maximum of 34 hit points when you died.

